[Event "FICS rated blitz game"]
[Site "FICS freechess.org"]
[FICSGamesDBGameNo "20002898"]
[White "franky"]
[Black "pacha"]
[WhiteElo "1793"]
[BlackElo "1921"]
[WhiteRD "na"]
[BlackRD "na"]
[TimeControl "180+0"]
[Date "1999.10.21"]
[Time "18:04:00"]
[WhiteClock "0:03:00.000"]
[BlackClock "0:03:00.000"]
[ECO "B01"]
[PlyCount "70"]
[Result "0-1"]

1. e4 d5 2. exd5 Nf6 3. d4 Nxd5 4. c4 Nb6 5. Nc3 e5 6. Nf3 Bg4 7. Be2 Nc6 8. d5 Bxf3 9. Bxf3 Na5 10. b3 Bb4 11. Bd2 O-O 12. O-O c6 13. dxc6 Nxc6 14. Bxc6 bxc6 15. Ne4 Bxd2 16. Qxd2 Qe7 17. Rad1 Rfd8 18. Qc3 c5 19. Rd3 Rd4 20. Rxd4 exd4 21. Qe1 d3 22. Nd2 Re8 23. Qxe7 Rxe7 24. f3 f6 25. Ne4 f5 26. Nxc5 d2 27. Nd3 Re3 28. Nb2 Nd7 29. Kf2 Rc3 30. Nd1 Rc2 31. Ne3 d1=N+ 32. Kg3 Nxe3 33. Rd1 Ne5 34. Re1 Rc3 35. Kf4 Nd3+ {White resigns} 0-1

[Event "FICS rated blitz game"]
[Site "FICS freechess.org"]
[FICSGamesDBGameNo "20002897"]
[White "BWood"]
[Black "GilR"]
[WhiteElo "1159"]
[BlackElo "1205"]
[WhiteRD "na"]
[BlackRD "na"]
[TimeControl "120+12"]
[Date "1999.10.21"]
[Time "17:25:00"]
[WhiteClock "0:02:00.000"]
[BlackClock "0:02:00.000"]
[ECO "A41"]
[PlyCount "46"]
[Result "0-1"]

1. d4 d6 2. Bg5 h6 3. Bh4 Nc6 4. e3 Bf5 5. Nd2 Nb4 6. c3 Nc2+ 7. Ke2 Nxa1 8. Qxa1 Qd7 9. Ke1 O-O-O 10. Bc4 d5 11. Bb3 Be4 12. f3 Bg6 13. Ne2 f6 14. Nf4 Bh7 15. Nxd5 e5 16. Bg3 Ne7 17. Nb4 c5 18. Nd3 Bxd3 19. dxe5 Bb5 20. Qd1 Nf5 21. e4 Ne3 22. Qc1 Qd3 23. Bc2 Qe2# {White checkmated} 0-1

[Event "FICS rated blitz game"]
[Site "FICS freechess.org"]
[FICSGamesDBGameNo "20002896"]
[White "fencer"]
[Black "flyfish"]
[WhiteElo "1235"]
[BlackElo "1542"]
[WhiteRD "na"]
[BlackRD "na"]
[TimeControl "300+0"]
[Date "1999.10.21"]
[Time "16:56:00"]
[WhiteClock "0:05:00.000"]
[BlackClock "0:05:00.000"]
[ECO "A00"]
[PlyCount "73"]
[Result "1-0"]

1. e3 e5 2. Nc3 d5 3. d4 Nc6 4. dxe5 Nxe5 5. Nf3 Bg4 6. h3 Nxf3+ 7. gxf3 Be6 8. f4 Qf6 9. Bd2 O-O-O 10. Nb5 Kb8 11. Bc3 Qe7 12. Bd4 Qb4+ 13. Nc3 Nf6 14. a3 Qe7 15. b4 Ne4 16. Bg2 Qh4 17. Bxe4 dxe4 18. Nxe4 f5 19. Ng3 Rg8 20. Qe2 g5 21. c3 gxf4 22. exf4 Re8 23. O-O-O Qxf4+ 24. Be3 Qh4 25. Rd4 Qf6 26. h4 Bh6 27. Rhd1 Bxe3+ 28. fxe3 Rxg3 29. Qd2 Rgg8 30. Rf1 Bc8 31. e4 f4 32. Rxf4 Rg1+ 33. Kc2 Qa6 34. Kb3 Be6+ 35. c4 Bd7 36. Rxd7 Qc6 37. Rd8+ {Black resigns} 1-0

[Event "FICS rated blitz game"]
[Site "FICS freechess.org"]
[FICSGamesDBGameNo "20002895"]
[White "Nochmal"]
[Black "Chaps"]
[WhiteElo "1269"]
[BlackElo "1320"]
[WhiteRD "na"]
[BlackRD "na"]
[TimeControl "120+10"]
[Date "1999.10.21"]
[Time "16:41:00"]
[WhiteClock "0:02:00.000"]
[BlackClock "0:02:00.000"]
[ECO "B08"]
[PlyCount "89"]
[Result "1-0"]

1. e4 d6 2. d4 Nf6 3. Nc3 g6 4. Nf3 Bg7 5. Be3 O-O 6. Rb1 e5 7. d5 c6 8. Bc4 c5 9. O-O Bg4 10. h3 Bd7 11. Bg5 a6 12. a3 h6 13. Be3 b5 14. Be2 b4 15. axb4 cxb4 16. Na2 a5 17. Qd2 Nxe4 18. Qd3 f5 19. c3 Na6 20. cxb4 Nxb4 21. Nxb4 axb4 22. Nd2 Nxd2 23. Qxd2 Kh7 24. Qxb4 Be8 25. Bd2 e4 26. Bc3 Rb8 27. Qa3 Bxc3 28. bxc3 Bf7 29. c4 Bg8 30. Rb2 Rxb2 31. Qxb2 Qc7 32. Rb1 Rc8 33. Qb5 Rb8 34. Qxb8 Qc5 35. Qb7+ Kh8 36. Kf1 e3 37. Qb6 Qc8 38. fxe3 Qf8 39. Qd4+ Kh7 40. Rb7+ Bf7 41. Qf6 Kg8 42. Rd7 f4 43. Qxf4 Kg7 44. Bg4 Kg8 45. Be6 {Black forfeits on time} 1-0

[Event "FICS rated blitz game"]
[Site "FICS freechess.org"]
[FICSGamesDBGameNo "20002893"]
[White "Buchnsk"]
[Black "nra"]
[WhiteElo "1293"]
[BlackElo "1244"]
[WhiteRD "na"]
[BlackRD "na"]
[TimeControl "120+12"]
[Date "1999.10.21"]
[Time "16:09:00"]
[WhiteClock "0:02:00.000"]
[BlackClock "0:02:00.000"]
[ECO "B32"]
[PlyCount "96"]
[Result "0-1"]

1. e4 c5 2. Nf3 Nc6 3. d4 cxd4 4. Nxd4 Nxd4 5. Qxd4 d6 6. Qa4+ Bd7 7. Qb3 Nf6 8. Nc3 b6 9. g3 Rc8 10. Bg2 g6 11. O-O Bg7 12. Bf4 O-O 13. Rfe1 Be6 14. Nd5 Rc5 15. Qd3 Nxd5 16. exd5 Bf5 17. Be4 Bxe4 18. Rxe4 Bxb2 19. Rae1 Bf6 20. Bh6 Re8 21. g4 Qc7 22. R1e2 Qb7 23. g5 Bh8 24. Qe3 Rxd5 25. Rxe7 Rd1+ 26. Re1 Rxe1+ 27. Qxe1 Rxe7 28. Qd2 Qf3 29. h4 Qg4+ 30. Kf1 Qh3+ 31. Kg1 Qxh4 32. Qxd6 Re1+ 33. Kg2 Qg4+ 34. Qg3 Qxg3+ 35. Kxg3 Be5+ 36. Kf3 Ra1 37. Ke4 Bh8 38. c4 Rxa2 39. f4 Rd2 40. f5 a5 41. f6 a4 42. Ke3 Rh2 43. Kd3 a3 44. Kc3 a2 45. c5 bxc5 46. Kc4 a1=Q 47. Kxc5 Qc3+ 48. Kd6 Rd2+ {White resigns} 0-1

[Event "FICS rated blitz game"]
[Site "FICS freechess.org"]
[FICSGamesDBGameNo "20002892"]
[White "LittleFox"]
[Black "eikon"]
[WhiteElo "1655"]
[BlackElo "1726"]
[WhiteRD "na"]
[BlackRD "na"]
[TimeControl "180+0"]
[Date "1999.10.21"]
[Time "15:41:00"]
[WhiteClock "0:03:00.000"]
[BlackClock "0:03:00.000"]
[ECO "D58"]
[PlyCount "79"]
[Result "1-0"]

1. d4 e6 2. c4 d5 3. Nc3 Nf6 4. Nf3 Be7 5. Bg5 h6 6. Bh4 O-O 7. e3 b6 8. Be2 dxc4 9. Bxc4 Ba6 10. Qe2 Bxc4 11. Qxc4 Nbd7 12. O-O c5 13. dxc5 Nxc5 14. Rfd1 Qc7 15. Bg3 Qb7 16. b4 Na6 17. a3 Rac8 18. Qb3 Nh5 19. Be5 Bf6 20. Rac1 Bxe5 21. Nxe5 Nc7 22. Rd7 Nf6 23. Re7 Rfe8 24. Rxe8+ Rxe8 25. Rd1 Nfd5 26. Nxd5 Nxd5 27. e4 Nf6 28. Qa4 Qxe4 29. Nd7 Nd5 30. Nc5 bxc5 31. Qxe8+ Kh7 32. bxc5 Qe2 33. Rb1 Nf4 34. Qb5 Qg4 35. g3 Qh3 36. Qf1 Qg4 37. h3 Nxh3+ 38. Kh2 Ng5 39. f4 Nf3+ 40. Kh1 {Black forfeits on time} 1-0

[Event "FICS rated blitz game"]
[Site "FICS freechess.org"]
[FICSGamesDBGameNo "20002891"]
[White "LadyPomoroy"]
[Black "biter"]
[WhiteElo "1798"]
[BlackElo "1687"]
[WhiteRD "na"]
[BlackRD "na"]
[TimeControl "180+0"]
[Date "1999.10.21"]
[Time "15:16:00"]
[WhiteClock "0:03:00.000"]
[BlackClock "0:03:00.000"]
[ECO "D06"]
[PlyCount "86"]
[Result "0-1"]

1. d4 d5 2. c4 Nf6 3. cxd5 Nxd5 4. e4 Nf6 5. Nc3 e6 6. Bg5 Be7 7. Bd3 h6 8. Be3 Nc6 9. Nge2 Nb4 10. Bb1 c6 11. a3 Na6 12. Qc2 Nc7 13. O-O Ng4 14. Bf4 g5 15. Bg3 h5 16. h3 h4 17. Bxc7 Qxc7 18. hxg4 e5 19. d5 Bxg4 20. f3 Bd7 21. dxc6 bxc6 22. Nd5 Qd6 23. Nxe7 Qxe7 24. Ba2 h3 25. g4 h2+ 26. Kh1 Qf6 27. Qd2 Rh3 28. Rad1 Rd8 29. b4 Rxf3 30. Rxf3 Qxf3+ 31. Kxh2 Qxg4 32. Ng3 Qf4 33. Kg2 Kf8 34. Qxf4 gxf4 35. Nf5 Ke8 36. Kf3 f6 37. a4 Bxf5 38. Rxd8+ Kxd8 39. exf5 Kc7 40. Ke4 Kd6 41. Bc4 c5 42. b5 Kc7 43. a5 Kd6 {White forfeits on time} 0-1

[Event "FICS rated blitz game"]
[Site "FICS freechess.org"]
[FICSGamesDBGameNo "20002890"]
[White "Trd"]
[Black "Lipatti"]
[WhiteElo "1281"]
[BlackElo "1087"]
[WhiteRD "na"]
[BlackRD "na"]
[TimeControl "120+5"]
[Date "1999.10.21"]
[Time "14:50:00"]
[WhiteClock "0:02:00.000"]
[BlackClock "0:02:00.000"]
[ECO "D02"]
[PlyCount "53"]
[Result "1-0"]

1. Nf3 d5 2. d4 Nf6 3. g3 e6 4. Bg2 Bd6 5. O-O O-O 6. Re1 Re8 7. Nc3 c5 8. dxc5 Bxc5 9. Ne5 Bd6 10. Nf3 Nc6 11. e4 d4 12. Nxd4 Nxd4 13. Qxd4 b6 14. e5 Bc5 15. Qxd8 Rxd8 16. Bxa8 Ng4 17. Kg2 Bxf2 18. Re4 f5 19. Ra4 Bd7 20. Rxa7 b5 21. Bg5 Rxa8 22. Rxa8+ Kf7 23. Ra7 Ke8 24. Ra8+ Kf7 25. h3 Bc6+ 26. Kf1 Bxa8 27. Nxb5 {Black forfeits on time} 1-0

[Event "FICS rated blitz game"]
[Site "FICS freechess.org"]
[FICSGamesDBGameNo "20002889"]
[White "pacha"]
[Black "CCCP"]
[WhiteElo "1926"]
[BlackElo "1881"]
[WhiteRD "na"]
[BlackRD "na"]
[TimeControl "180+0"]
[Date "1999.10.21"]
[Time "14:45:00"]
[WhiteClock "0:03:00.000"]
[BlackClock "0:03:00.000"]
[ECO "B09"]
[PlyCount "77"]
[Result "1-0"]

1. e4 d6 2. d4 Nf6 3. Nc3 g6 4. f4 Bg4 5. Be2 Qd7 6. h3 Bxe2 7. Qxe2 Nh5 8. Qf2 Bg7 9. Be3 O-O 10. g4 Nf6 11. O-O-O Nc6 12. Nf3 h5 13. g5 Ne8 14. Nh4 b5 15. f5 b4 16. Nd5 e6 17. Nf4 exf5 18. exf5 gxf5 19. Nxh5 Ne7 20. Nxg7 Nxg7 21. g6 fxg6 22. Rhg1 f4 23. Bxf4 Qxh3 24. Nxg6 Nxg6 25. Rxg6 Qf5 26. Rdg1 Qxf4+ 27. Qxf4 Rxf4 28. Rxg7+ Kh8 29. R7g2 Rh4 30. Rg4 Rxg4 31. Rxg4 Rg8 32. Rh4+ Kg7 33. Kd2 Kf6 34. Rh7 Rg2+ 35. Kd3 Rg3+ 36. Kc4 Rg2 37. Kb3 c5 38. dxc5 dxc5 39. Rh4 {Black forfeits on time} 1-0

[Event "FICS rated blitz game"]
[Site "FICS freechess.org"]
[FICSGamesDBGameNo "20002888"]
[White "Andouille"]
[Black "MrSatan"]
[WhiteElo "1647"]
[BlackElo "1264"]
[WhiteRD "na"]
[BlackRD "na"]
[TimeControl "120+5"]
[Date "1999.10.21"]
[Time "14:36:00"]
[WhiteClock "0:02:00.000"]
[BlackClock "0:02:00.000"]
[ECO "C34"]
[PlyCount "67"]
[Result "1-0"]

1. e4 e5 2. f4 exf4 3. Nf3 Nc6 4. d4 h6 5. Bxf4 g5 6. Be3 Bg7 7. Bc4 d6 8. O-O Bg4 9. c3 Qd7 10. Nbd2 O-O-O 11. b4 h5 12. Qb3 Rf8 13. Nxg5 Bh6 14. h4 a5 15. b5 Na7 16. Bxf7 Bxg5 17. Bxg5 Ne7 18. b6 cxb6 19. Qxb6 Be2 20. Qxa7 Bxf1 21. Rxf1 Rh7 22. Qa8+ Kc7 23. Qxa5+ b6 24. Qa7+ Kc6 25. Bd5+ Nxd5 26. exd5+ Kxd5 27. Qxb6 Rxf1+ 28. Kxf1 Qf5+ 29. Kg1 Rf7 30. c4+ Ke6 31. Nf3 Qc2 32. d5+ Kf5 33. Nd4+ Kg4 34. Nxc2 {Black resigns} 1-0

[Event "FICS rated lightning game"]
[Site "FICS freechess.org"]
[FICSGamesDBGameNo "20002887"]
[White "acryd"]
[Black "Sertschi"]
[WhiteElo "1674"]
[BlackElo "1709"]
[WhiteRD "na"]
[BlackRD "na"]
[TimeControl "60+0"]
[Date "1999.10.21"]
[Time "14:16:00"]
[WhiteClock "0:01:00.000"]
[BlackClock "0:01:00.000"]
[ECO "B07"]
[PlyCount "115"]
[Result "1/2-1/2"]

1. e4 d6 2. Nf3 Nf6 3. Bb5+ Bd7 4. Bxd7+ Nfxd7 5. d3 e5 6. O-O Be7 7. h3 O-O 8. Nc3 Nc6 9. Be3 Nf6 10. a3 Qd7 11. Ne2 Nd8 12. Ng3 Ne6 13. Nf5 c5 14. Nxe7+ Qxe7 15. Ng5 h6 16. Nxe6 Qxe6 17. Qf3 Nd7 18. Qg3 Qg6 19. Qxg6 fxg6 20. Rac1 b5 21. c3 a6 22. b4 cxb4 23. cxb4 Rac8 24. Rfd1 Rfe8 25. Rxc8 Rxc8 26. Rc1 Rxc1+ 27. Bxc1 Kf7 28. Kf1 Ke6 29. Ke2 Nb6 30. f4 exf4 31. Bxf4 g5 32. Be3 Nd7 33. g4 Ne5 34. Bd4 Nc6 35. Bb6 d5 36. exd5+ Kxd5 37. Bc5 g6 38. Ke3 h5 39. gxh5 gxh5 40. d4 g4 41. hxg4 hxg4 42. Kf2 Nxd4 43. Bxd4 Kxd4 44. Kg3 Kc3 45. Kxg4 Kb3 46. Kf4 Kxa3 47. Ke4 Kxb4 48. Kd4 a5 49. Kd3 Kb3 50. Kd2 a4 51. Kd3 a3 52. Kd2 Kb2 53. Kd3 a2 54. Kd4 a1=Q 55. Kc5 Qa4 56. Kb6 Qc4 57. Ka5 Kb3 58. Kb6 {Black ran out of time and White has no material to mate} 1/2-1/2

[Event "FICS rated blitz game"]
[Site "FICS freechess.org"]
[FICSGamesDBGameNo "20002886"]
[White "leoj"]
[Black "Bewgue"]
[WhiteElo "1268"]
[BlackElo "1302"]
[WhiteRD "na"]
[BlackRD "na"]
[TimeControl "180+0"]
[Date "1999.10.21"]
[Time "13:57:00"]
[WhiteClock "0:03:00.000"]
[BlackClock "0:03:00.000"]
[ECO "C47"]
[PlyCount "94"]
[Result "0-1"]

1. e4 e5 2. Nf3 Nc6 3. Nc3 Nf6 4. Be2 Bb4 5. d3 O-O 6. Bd2 h6 7. Nd5 Bxd2+ 8. Qxd2 d6 9. O-O Bg4 10. h3 Bxf3 11. Bxf3 Nd4 12. c3 Nxf3+ 13. gxf3 Nxd5 14. exd5 a5 15. c4 Qd7 16. Kh2 Qf5 17. Rg1 Qxf3 18. Qxh6 g6 19. Raf1 Qxd3 20. Rg3 Qxc4 21. Rfg1 Qf4 22. Qxf4 exf4 23. Rg4 Rae8 24. Rxf4 Re5 25. Rd1 Re2 26. b4 axb4 27. Rxb4 Rxa2 28. Rxb7 Rxf2+ 29. Kg3 Rc2 30. h4 Kg7 31. Kg4 Rh8 32. Rd3 Rc4+ 33. Kg3 Rhxh4 34. Rbb3 Rhg4+ 35. Kf3 Rgf4+ 36. Ke2 Rh4 37. Re3 Rh2+ 38. Kf3 Rh3+ 39. Ke2 Rxe3+ 40. Kxe3 Kf6 41. Kd3 Rc5 42. Kd4 Kf5 43. Rf3+ Kg5 44. Rxf7 Kg4 45. Rg7 g5 46. Re7 Kg3 47. Re3+ Kf4 {White forfeits on time} 0-1

[Event "FICS rated blitz game"]
[Site "FICS freechess.org"]
[FICSGamesDBGameNo "20002884"]
[White "Juggernot"]
[Black "mogath"]
[WhiteElo "1316"]
[BlackElo "1338"]
[WhiteRD "na"]
[BlackRD "na"]
[TimeControl "240+5"]
[Date "1999.10.21"]
[Time "13:41:00"]
[WhiteClock "0:04:00.000"]
[BlackClock "0:04:00.000"]
[ECO "A06"]
[PlyCount "63"]
[Result "1-0"]

1. Nf3 d5 2. h3 Nf6 3. d3 g6 4. e3 Bg7 5. Bd2 c5 6. c3 Nc6 7. Be2 O-O 8. g4 e5 9. g5 Nd7 10. h4 e4 11. Nh2 Re8 12. Rg1 Nde5 13. d4 Nd3+ 14. Bxd3 exd3 15. h5 c4 16. hxg6 fxg6 17. Qf3 Rf8 18. Qg2 Ne7 19. Na3 a6 20. O-O-O Nc6 21. e4 dxe4 22. Qxe4 Bf5 23. Qg2 b5 24. Qxc6 Bd7 25. Qd5+ Kh8 26. Qh1 Qc8 27. Nf1 Bc6 28. Qh4 Qf5 29. Ne3 Qe6 30. Rde1 Rad8 31. Nexc4 bxc4 32. Rxe6 {Black forfeits on time} 1-0

[Event "FICS rated blitz game"]
[Site "FICS freechess.org"]
[FICSGamesDBGameNo "20002883"]
[White "nra"]
[Black "mrtoad"]
[WhiteElo "1447"]
[BlackElo "1521"]
[WhiteRD "na"]
[BlackRD "na"]
[TimeControl "120+12"]
[Date "1999.10.21"]
[Time "13:41:00"]
[WhiteClock "0:02:00.000"]
[BlackClock "0:02:00.000"]
[ECO "D10"]
[PlyCount "136"]
[Result "0-1"]

1. d4 c6 2. c4 d5 3. Nc3 dxc4 4. a4 Nf6 5. e3 Bf5 6. Bxc4 e6 7. Nge2 Bb4 8. Bd2 O-O 9. O-O c5 10. Na2 Bxd2 11. Qxd2 cxd4 12. Nxd4 Nc6 13. Rad1 Nxd4 14. Qxd4 Qxd4 15. Rxd4 Rfd8 16. Rfd1 Rxd4 17. Rxd4 Kf8 18. Nc3 Ke7 19. Nb5 a6 20. Nc3 Rd8 21. Rxd8 Kxd8 22. h3 h5 23. f3 Bc2 24. a5 Ke7 25. e4 Kd6 26. Kf2 Kc5 27. Be2 Kb4 28. Ke3 Kxa5 29. Kd2 Bb3 30. Nb1 Kb4 31. Na3 b5 32. Bd3 Bc4 33. Nc2+ Kc5 34. Kc3 Bxd3 35. Kxd3 a5 36. Nd4 g6 37. b3 a4 38. bxa4 bxa4 39. Kc3 a3 40. Nb3+ Kb5 41. Kc2 Nd7 42. Kb1 Nc5 43. Nd2 Kb4 44. Ka2 Nd3 45. Nb1 Nc1+ 46. Ka1 Kb3 47. Nd2+ Kc2 48. Nb1 Nb3+ 49. Ka2 Nc1+ 50. Ka1 a2 51. Na3+ Kb3 52. Nb5 Kc2 53. Nd6 f6 54. Nc4 Kd3 55. Nb2+ Ke2 56. Na4 Kf2 57. Nc5 Kxg2 58. Nxe6 Kxf3 59. Nf8 Kxe4 60. Nxg6 f5 61. Kb2 f4 62. Nh4 f3 63. Kxc1 a1=Q+ 64. Kd2 Qa5+ 65. Kd1 Qd8+ 66. Ke1 Qxh4+ 67. Kf1 Qxh3+ 68. Kg1 Qg2# {White checkmated} 0-1

[Event "FICS rated standard game"]
[Site "FICS freechess.org"]
[FICSGamesDBGameNo "20002882"]
[White "Nikadim"]
[Black "PawnEater"]
[WhiteElo "1518"]
[BlackElo "1605"]
[WhiteRD "na"]
[BlackRD "na"]
[TimeControl "300+20"]
[Date "1999.10.21"]
[Time "13:40:00"]
[WhiteClock "0:05:00.000"]
[BlackClock "0:05:00.000"]
[ECO "C50"]
[PlyCount "117"]
[Result "1-0"]

1. e4 e5 2. Nf3 Nc6 3. Bc4 h6 4. d3 d6 5. h3 Na5 6. Nbd2 c6 7. Qe2 b5 8. Bb3 Nxb3 9. Nxb3 a5 10. d4 exd4 11. Nbxd4 Ba6 12. e5 b4 13. Qe3 dxe5 14. Qxe5+ Ne7 15. Nxc6 Qd7 16. Nfd4 Bb7 17. Nxe7 Qxe7 18. Qxe7+ Bxe7 19. f3 O-O 20. Bf4 Ba6 21. O-O-O Bf6 22. Nc6 Bb7 23. Nd4 Rfd8 24. Nb5 Rxd1+ 25. Rxd1 Bc6 26. Nd6 g5 27. Be3 Rb8 28. Nc4 a4 29. Bd4 Bg7 30. Be5 Rc8 31. Nd6 Ra8 32. Bxg7 Kxg7 33. Nf5+ Kh7 34. Nxh6 Kxh6 35. Rd6+ Kg7 36. Rxc6 f6 37. Rc4 b3 38. axb3 axb3 39. cxb3 Ra1+ 40. Kc2 Rg1 41. g4 Rg3 42. f4 Rxh3 43. Rc7+ Kg6 44. f5+ Kh6 45. Rf7 Rh2+ 46. Kc3 Rh3+ 47. Kb4 Rg3 48. Rxf6+ Kh7 49. Rf7+ Kh6 50. f6 Rxg4+ 51. Ka3 Kg6 52. Rf8 Rf4 53. b4 g4 54. b5 Rf3+ 55. b3 g3 56. b6 Re3 57. b7 g2 58. Rg8+ Kxf6 59. b8=Q {Black resigns} 1-0

[Event "FICS rated blitz game"]
[Site "FICS freechess.org"]
[FICSGamesDBGameNo "20002881"]
[White "AlphaTauri"]
[Black "KCJones"]
[WhiteElo "1242"]
[BlackElo "1248"]
[WhiteRD "na"]
[BlackRD "na"]
[TimeControl "120+12"]
[Date "1999.10.21"]
[Time "12:48:00"]
[WhiteClock "0:02:00.000"]
[BlackClock "0:02:00.000"]
[ECO "C62"]
[PlyCount "109"]
[Result "1-0"]

1. e4 e5 2. Nf3 Nc6 3. Bb5 d6 4. Bxc6+ bxc6 5. d4 exd4 6. Qxd4 c5 7. Qc3 Bg4 8. O-O Bxf3 9. Qxf3 Nf6 10. e5 dxe5 11. Rd1 Bd6 12. Bg5 O-O 13. Bxf6 Qxf6 14. Nc3 Qxf3 15. gxf3 Rad8 16. Rd5 c6 17. Rd3 e4 18. Nxe4 Be7 19. Rc3 Rd5 20. Ra3 f5 21. c4 Re5 22. Ng3 f4 23. Ne4 Ra8 24. Ra6 Re6 25. Rd1 Rg6+ 26. Kh1 Kf7 27. Rd7 h5 28. Nxc5 Rd6 29. Rxd6 Bxd6 30. Rxc6 Bxc5 31. Rxc5 g6 32. Rc7+ Kg8 33. b3 a5 34. Rc6 Kh7 35. Rb6 Kh6 36. Rb5 Ra6 37. c5 a4 38. Rb6 Ra5 39. c6 Rc5 40. bxa4 Rc2 41. Rb4 g5 42. Rb6 h4 43. Kg2 Kh5 44. a3 Rc3 45. a5 h3+ 46. Kxh3 Rxf3+ 47. Kg2 Rxa3 48. a6 Kh4 49. c7 Rc3 50. Rb7 g4 51. Kf1 f3 52. Ke1 Ra3 53. a7 Ra1+ 54. Kd2 Ra2+ 55. Ke3 {Black resigns} 1-0

[Event "FICS rated blitz game"]
[Site "FICS freechess.org"]
[FICSGamesDBGameNo "20002880"]
[White "Ashkei"]
[Black "Sashka"]
[WhiteElo "1592"]
[BlackElo "1577"]
[WhiteRD "na"]
[BlackRD "na"]
[TimeControl "180+0"]
[Date "1999.10.21"]
[Time "11:22:00"]
[WhiteClock "0:03:00.000"]
[BlackClock "0:03:00.000"]
[ECO "D37"]
[PlyCount "53"]
[Result "1-0"]

1. d4 e6 2. c4 d5 3. Nf3 Nf6 4. Nc3 Be7 5. Bf4 O-O 6. e3 a6 7. cxd5 exd5 8. Bd3 b5 9. a3 Bg4 10. h3 Bh5 11. g4 Bg6 12. g5 Ne4 13. Ne5 Bxg5 14. Bxg5 Qxg5 15. Qe2 Nxc3 16. bxc3 f6 17. Nxg6 hxg6 18. O-O-O f5 19. Rdg1 Qe7 20. Rxg6 Qxa3+ 21. Kd2 Qb2+ 22. Bc2 b4 23. cxb4 Qxb4+ 24. Kd1 Nc6 25. Rhg1 Nxd4 26. Rxg7+ Kh8 27. Qh5# {Black checkmated} 1-0

[Event "FICS rated blitz game"]
[Site "FICS freechess.org"]
[FICSGamesDBGameNo "20002879"]
[White "zato"]
[Black "myldone"]
[WhiteElo "1364"]
[BlackElo "1365"]
[WhiteRD "na"]
[BlackRD "na"]
[TimeControl "300+2"]
[Date "1999.10.21"]
[Time "11:11:00"]
[WhiteClock "0:05:00.000"]
[BlackClock "0:05:00.000"]
[ECO "C55"]
[PlyCount "95"]
[Result "1-0"]

1. e4 e5 2. Nf3 Nc6 3. Bc4 Nf6 4. d4 exd4 5. Nxd4 d5 6. exd5 Nxd5 7. O-O Nxd4 8. Qxd4 c6 9. Re1+ Be6 10. Nc3 Nxc3 11. Qxc3 Be7 12. Qxg7 Bf6 13. Qg4 Qd7 14. Bxe6 fxe6 15. Rxe6+ Be7 16. Bg5 O-O-O 17. Bxe7 Rhg8 18. Qe2 Rde8 19. Re1 Rxe7 20. g3 Rxe6 21. Qxe6 Qxe6 22. Rxe6 Rd8 23. Re2 Rd7 24. b3 Kc7 25. a4 Kb6 26. Kg2 Rd1 27. h4 Rc1 28. Kh3 Ka5 29. Kg4 a6 30. Kg5 b5 31. axb5 cxb5 32. Kh6 Kb4 33. Kxh7 Ka3 34. Kg6 Kb2 35. h5 Rxc2 36. Rxc2+ Kxc2 37. h6 Kxb3 38. h7 a5 39. h8=Q a4 40. Qd4 b4 41. Qd3+ Kb2 42. Qd2+ Kb3 43. Qd3+ Kb2 44. Qd2+ Kb3 45. f4 a3 46. Qd3+ Ka4 47. Qc2+ Kb5 48. Qb3 {Black resigns} 1-0

[Event "FICS rated blitz game"]
[Site "FICS freechess.org"]
[FICSGamesDBGameNo "20002878"]
[White "MAITRE"]
[Black "BarnesPond"]
[WhiteElo "1713"]
[BlackElo "1717"]
[WhiteRD "na"]
[BlackRD "na"]
[TimeControl "180+0"]
[Date "1999.10.21"]
[Time "10:43:00"]
[WhiteClock "0:03:00.000"]
[BlackClock "0:03:00.000"]
[ECO "C01"]
[PlyCount "81"]
[Result "1-0"]

1. e4 e6 2. d4 d5 3. exd5 exd5 4. Bd3 Nc6 5. Ne2 Bd6 6. Bf4 Nge7 7. O-O Bf5 8. Re1 Qd7 9. Bxf5 Nxf5 10. Ng3+ Nfe7 11. Bxd6 Qxd6 12. Nc3 O-O-O 13. a4 Ng6 14. a5 a6 15. Na4 Qb4 16. c3 Qd6 17. Nc5 Rde8 18. Qd3 Nf4 19. Qf5+ Ne6 20. Nxe6 fxe6 21. Qd3 e5 22. dxe5 Nxe5 23. Qd4 Nc6 24. Qxg7 Reg8 25. Qf7 Ne5 26. Qf5+ Nd7 27. Rad1 c6 28. Ne4 Qc7 29. Nc5 Rf8 30. Qh3 Kd8 31. Ne6+ Kc8 32. Nxc7 Kxc7 33. Re7 Rd8 34. Rde1 Kc8 35. Rxd7 Rxd7 36. Re7 Kc7 37. Qg3+ Kc8 38. Qg4 Rd8 39. Rxd7 Rxd7 40. Qg8+ Kc7 41. Qg3+ {Black forfeits on time} 1-0

[Event "FICS rated blitz game"]
[Site "FICS freechess.org"]
[FICSGamesDBGameNo "20002877"]
[White "mei"]
[Black "jopo"]
[WhiteElo "1158"]
[BlackElo "1136"]
[WhiteRD "na"]
[BlackRD "na"]
[TimeControl "120+12"]
[Date "1999.10.21"]
[Time "08:59:00"]
[WhiteClock "0:02:00.000"]
[BlackClock "0:02:00.000"]
[ECO "B23"]
[PlyCount "32"]
[Result "0-1"]

1. e4 c5 2. Nc3 Nf6 3. g3 d5 4. Bg2 d4 5. Nce2 e5 6. d3 Bg4 7. f4 Bxe2 8. Qxe2 Bd6 9. Nf3 Nbd7 10. O-O O-O 11. Ng5 h6 12. Nh3 Qc8 13. fxe5 Bxe5 14. Nf4 g5 15. Nh3 Nb6 16. b3 Qd8 {White resigns} 0-1

[Event "FICS rated blitz game"]
[Site "FICS freechess.org"]
[FICSGamesDBGameNo "20002876"]
[White "AlphaTauri"]
[Black "Simke"]
[WhiteElo "1267"]
[BlackElo "1379"]
[WhiteRD "na"]
[BlackRD "na"]
[TimeControl "120+12"]
[Date "1999.10.21"]
[Time "08:37:00"]
[WhiteClock "0:02:00.000"]
[BlackClock "0:02:00.000"]
[ECO "C70"]
[PlyCount "64"]
[Result "0-1"]

1. e4 e5 2. Nf3 Nc6 3. Bb5 a6 4. Ba4 b5 5. Bb3 h6 6. O-O Bc5 7. c3 Nf6 8. d4 exd4 9. cxd4 Bb6 10. Bf4 O-O 11. e5 Nh5 12. Be3 d6 13. Bd5 Bd7 14. exd6 cxd6 15. Nc3 Nf6 16. Rc1 Rc8 17. a3 b4 18. axb4 Nxb4 19. Bb3 Bf5 20. Nh4 Bd3 21. Re1 Bh7 22. Ne2 Rxc1 23. Qxc1 Nd3 24. Qd2 Nxe1 25. Qxe1 Ng4 26. Qd2 Qxh4 27. h3 Nxe3 28. Qxe3 Qe4 29. Qd2 d5 30. Nc3 Qxd4 31. Qxd4 Bxd4 32. Nxd5 Bxb2 {White resigns} 0-1

[Event "FICS rated lightning game"]
[Site "FICS freechess.org"]
[FICSGamesDBGameNo "20002875"]
[White "ghee(FM)"]
[Black "PaulKeres"]
[WhiteElo "2034"]
[BlackElo "1930"]
[WhiteRD "na"]
[BlackRD "na"]
[TimeControl "120+0"]
[Date "1999.10.21"]
[Time "08:17:00"]
[WhiteClock "0:02:00.000"]
[BlackClock "0:02:00.000"]
[ECO "A40"]
[PlyCount "104"]
[Result "0-1"]

1. d4 g6 2. c4 Bg7 3. Nf3 c5 4. g3 cxd4 5. Nxd4 Nc6 6. Nc2 d6 7. Bg2 Nf6 8. O-O O-O 9. Nc3 Bd7 10. b3 Rc8 11. Bb2 a6 12. Rc1 Rb8 13. Ne3 Nb4 14. a3 Nc6 15. Qd2 b5 16. cxb5 axb5 17. Ncd5 Nxd5 18. Nxd5 Bxb2 19. Qxb2 Ne5 20. Rfd1 Be6 21. f4 Ng4 22. Bf3 Bxd5 23. Bxg4 Qb6+ 24. Qd4 Bxb3 25. Qxb6 Rxb6 26. Rd2 Bc4 27. Rb1 Ra8 28. Rc2 Rba6 29. Bf3 R8a7 30. Bc6 Rxa3 31. Bxb5 Bxb5 32. Rxb5 Re3 33. Kf2 Re4 34. Rb3 f5 35. Re3 Rxe3 36. Kxe3 Kf7 37. Rc3 h6 38. Rd3 Ra2 39. h3 g5 40. g4 fxg4 41. hxg4 Ra4 42. fxg5 hxg5 43. Kf3 Rf4+ 44. Kg3 Kf6 45. e3 Re4 46. Kf3 Ke5 47. Ra3 d5 48. Ra6 e6 49. Ra7 Rb4 50. Rg7 Kf6 51. Rg8 Rb3 52. Rd8 Ke5 {White forfeits on time} 0-1